 Dungeon Crawl Stone Soup version 0.23.2-1-ga50397a (webtiles) character file.

Game seed: 9161393541910749853

84 Kairos the Grave Robber (level 4, -5/33 (34) HPs)
             Began as a Ghoul Necromancer on Apr 24, 2019.
             Slain by Sigmund
             ... wielding a +0 scythe
              (13 damage)
             ... on level 2 of the Dungeon.
             The game lasted 00:05:48 (2463 turns).

Kairos the Grave Robber (Ghoul Necromancer)         Turns: 2463, Time: 00:05:49

HP:   -5/33 (34)    AC:  6    Str: 11    XL:     4   Next: 46%
MP:   0/6           EV: 11    Int: 11    God:
Gold: 89            SH:  0    Dex:  9    Spells: 6/7 levels left

rFire    . . .     SeeInvis .     - Unarmed
rCold    + . .     Gourm    .   (no shield)
rNeg     + + +     Faith    .   l - +3 leather armour
rPois    ∞         Spirit   .   (no helmet)
rElec    .         Reflect  .   (no cloak)
rCorr    .         Harm     .   (no gloves)
MR       .....                  (no boots)
Stlth    ++........             (no amulet)
HPRegen  0.00/turn              (no ring)
MPRegen  0.10/turn              (no ring)

@: rotting
A: rotting body, claws 1, carnivore, cold resistance 1, negative energy
resistance 3, inhibited regeneration, torment resistance, unbreathing
a: no special abilities


You were on level 2 of the Dungeon.
You were very hungry.

You visited 1 branch of the dungeon, and saw 2 of its levels.

You collected 89 gold pieces.

Inventory:

Hand Weapons
 f - a +1 dagger of venom
Armour
 a - a +0 robe
 l - a +3 leather armour (worn)
Scrolls
 e - 2 scrolls of identify {unknown}
 g - a scroll of amnesia {unknown}
 h - a scroll of teleportation {unknown}
 k - a scroll of remove curse {unknown}
Potions
 d - a potion of curing {unknown}
 i - a potion of haste {unknown}
 j - a potion of degeneration {unknown}
Comestibles
 c - 5 rations


   Skills:
 + Level 0.3 Fighting
 + Level 1.8 Dodging
 + Level 2.4 Stealth
 * Level 1.3 Unarmed Combat
 + Level 2.4 Spellcasting
 + Level 4.9 Necromancy


You had 6 spell levels left.
You knew the following spells:

 Your Spells              Type           Power        Failure   Level  Hunger
a - Pain                  Necr           ##..         4%          1    ##.....

Your spell library contained the following spells:

 Spells                   Type           Power        Failure   Level  Hunger
 Animate Skeleton         Necr           N/A          4%          1    ##.....
 Vampiric Draining        Necr           ##........   14%         3    ####...
 Regeneration             Chrm/Necr      #.........   36%         3    ####...
 Animate Dead             Necr           N/A          43%         4    #####..


Dungeon Overview and Level Annotations

Branches:
Dungeon (2/15)

Altars:

Annotations:
D:2 Sigmund


Innate Abilities, Weirdness & Mutations

Your body is rotting away.
You thrive on raw meat.
You are immune to poison.
You have sharp fingernails.
You are carnivorous and can eat meat at any time.
Your flesh is cold resistant. (rC+)
You are immune to negative energy. (rN+++)
You do not regenerate when monsters are visible.
You are immune to unholy pain and torment.
You can survive without breathing.


Message History

Aiming: Pain (safe; 4% risk of failure)
Press: ? - help, Shift-Dir - straight line, f/p - Sigmund
Aim: Sigmund, wielding a +0 scythe, wearing a +2 robe of fire resistance and carrying a wand of flame (17) (moderately wounded, chance to defeat MR: 76%) Sigmund writhes in agony.
Sigmund hits you from afar with a +0 scythe.
Casting: Pain (safe; 4% risk of failure)
Confirm with . or Enter, or press ? or * to list all spells.
Aiming: Pain (safe; 4% risk of failure)
Press: ? - help, Shift-Dir - straight line, f/p - Sigmund
Aim: Sigmund, wielding a +0 scythe, wearing a +2 robe of fire resistance and carrying a wand of flame (17) (heavily wounded, chance to defeat MR: 76%) Sigmund barely resists.
Sigmund zaps a wand.
The puff of flame hits you!
* * * LOW HITPOINT WARNING * * *
Casting: Pain (safe; 4% risk of failure)
Confirm with . or Enter, or press ? or * to list all spells.
Aiming: Pain (safe; 4% risk of failure)
Press: ? - help, Shift-Dir - straight line, f/p - Sigmund
Aim: Sigmund, wielding a +0 scythe, wearing a +2 robe of fire resistance and carrying a wand of flame (16) (heavily wounded, chance to defeat MR: 76%) Sigmund writhes in agony.
Sigmund hits you from afar with a +0 scythe!
You die...

##.# #...#
#.##########.g)....#
##.# #.#.#
#....##............#
##.# #...#
####.#.......###...#
##.# #####
#.#..###### #...#
##.# #.#..#
#####÷..# ##.#
#.##.# #...÷...# #.#
#.##.# #.###...# #.#
#.##@# #.# #...# #.#
#@##.# #.###...# #.#
#.##.####.#.....#
##.#
#.@....g........#
...#
####.....<.....##
#### ######..)####
### #...# ..#
#...###### #.# #####
#........# #.#
#...####.(####.#


You could see Sigmund.

Vanquished Creatures
  An adder (D:2)
  2 oozes (D:2)
  A worm (D:2)
  2 dart slugs (D:1)
  3 leopard geckos
  11 bats
  A giant cockroach (D:1)
  6 goblins
  5 hobgoblins
  4 jackals
  2 quokkas (D:2)
  2 frilled lizards (D:1)
  7 kobolds
  7 rats
54 creatures vanquished.

Notes
Turn   | Place    | Note
-------+----------+-------------------------------------------
     0 | D:1      | Kairos the Ghoul Necromancer began the quest for the Orb.
     0 | D:1      | Reached XP level 1. HP: 14/14 MP: 2/2
   146 | D:1      | Reached XP level 2. HP: 12/19 MP: 0/3
   793 | D:1      | Reached XP level 3. HP: 25/26 MP: 2/5
  1603 | D:2      | Reached skill level 1 in Unarmed Combat
  1726 | D:2      | Noticed Sigmund
  1822 | D:2      | Reached XP level 4. HP: 33/33 MP: 3/6
  2463 | D:2      | Slain by Sigmund

Skill      XL: |  1  2  3 |
---------------+----------+-----
Spellcasting   | 2 |  2.4
Unarmed Combat | 1 |  1.3
Fighting       | |  0.3
Dodging        | |  1.8
Stealth        | |  2.4
Necromancy     | |  4.9

Action                   |  1- 3 |  4- 6 || total
-------------------------+-------+-------++-------
Melee: Unarmed           |    81 |     6 ||    87
 Cast: Pain              |    58 |    28 ||    86
  Use: Scroll            |     1 |       ||     1
  Eat: Chunk             |     5 |     1 ||     6
Armor: Robe              |    32 |     1 ||    33
       Leather armour    |       |     7 ||     7
Dodge: Dodged            |    83 |     8 ||    91
